 Seeded DCSS version 0.26.1-12-g5ba1501909 (webtiles) character file.

Game seed: 11078492930485343510 (custom seed)

986 Gelion the Fighter (level 8, -11/96 HPs)
             Began as an Ogre Hunter on Nov 25, 2021.
             Killed from afar by Blork the orc (13 damage)
             ... with a puff of frost
             ... on level 4 of the Dungeon.
             The game lasted 00:16:14 (5227 turns).

Gelion the Fighter (Ogre Hunter)                    Turns: 5227, Time: 00:16:14

Health: -11/96     AC:  4    Str: 17    XL:     8   Next: 18%
Magic:  8/8        EV: 10    Int: 12    God:
Gold:   262        SH:  0    Dex: 11    Spells: 7/7 levels left

rFire    + + .     SeeInvis .   a - +0 flail
rCold    . . .     Faith    .   (no shield)
rNeg     . . .     Spirit   .   f - +1 robe of Vyq Haqe {rF+ Will++}
rPois    .         Reflect  .   (helmet restricted)
rElec    .         Harm     .   (no cloak)
rCorr    .         Rampage  .   (gloves unavailable)
Will     ++...                  (boots unavailable)
Stlth    +.........             (no amulet)
HPRegen  0.26/turn              g - ring of protection from fire
MPRegen  0.11/turn              (no ring)

@: no status effects
A: large, unfitting armour, tough skin 1
a: no special abilities


You were on level 4 of the Dungeon.
You visited 2 branches of the dungeon, and saw 5 of its levels.

You collected 262 gold pieces.

Inventory:

Hand Weapons
 a - a +0 flail (weapon)
Missiles
 c - 4 large rocks (quivered)
 e - 2 throwing nets
Armour
 f - the +1 robe of Vyq Haqe (worn) {rF+ Will++}
   (You found it on level 4 of the Dungeon)

   It protects you from fire.
   It affects your willpower, your defense against some magical effects.
Jewellery
 g - a ring of protection from fire (left hand)
Scrolls
 l - a scroll of fog
Potions
 d - 3 potions of mutation


   Skills:
 + Level 10.9 Fighting
 * Level 10.3 Maces & Flails
 + Level 9.4 Throwing
 - Level 1.7 Dodging
 - Level 0.6 Stealth


You had 7 spell levels left.
You didn't know any spells.
Your spell library was empty.

Dungeon Overview and Level Annotations

Branches:
Dungeon (4/15)             Temple (1/1) D:4

Altars:
Cheibriados
Dithmenos
Gozag
Hepliaklqana
Kikubaaqudgha
Nemelex Xobeh
Qazlal
Ru
Sif Muna
Trog
Uskayaw
Wu Jian
Yredelemnul
The Shining One

Annotations:
D:4 Blork the orc, Eustachio


Innate Abilities, Weirdness & Mutations

You are too large for most types of armour.
You have tough skin. (AC +1)


Message History

Eustachio casts a spell.
Something hits you but does no damage.
You closely miss something. Something completely misses you.
The river rat twitches its whiskers.
You barely miss something. Something hits you!
* * * LOW HITPOINT WARNING * * *
The crimson imp blinks!
Eustachio casts a spell.
Something hits you.
* * * LOW HITPOINT WARNING * * *
You hear a shout!
You hit something but do no damage. Something hits you!
* * * LOW HITPOINT WARNING * * *
You barely miss something. You miss something. Something hits you.
* * * LOW HITPOINT WARNING * * *
You hear some strange, mumbled words.
A puff of frost appears from out of thin air!
The puff of frost hits you!
You die...

........# ........#
........## #.......5@#
#..#####rr# #.##PPP##g#
#.#P...P#{# #.#P.>.P#)#
#.#P...P#@# #.##P.P##.#
########..##'##..###+########
..#..........................
..#...............<..........
..#..........................
..#...............)).........
..#...............)..........
..'..........................


You could see Eustachio, a quasit (summoned), a gnoll and 2 river rats.

Vanquished Creatures
  Sigmund (D:2)
  A bullfrog (D:3)
  A bullfrog skeleton (D:2)
  2 orc wizards (D:4)
  A gnoll shaman (D:4)
  Robin (D:2)
  6 adders
  7 gnolls
  2 oozes (D:1)
  4 worms
  A dart slug (D:2)
  2 leopard geckos
  8 orcs
  11 bats
  4 giant cockroaches
  19 goblins
  9 hobgoblins
  3 jackals (D:4)
  7 kobolds
  2 quokkas
  2 ball pythons (D:2)
  2 frilled lizards
  A jackal zombie (D:3)
  10 rats
107 creatures vanquished.

Notes
Turn   | Place    | Note
-------+----------+-------------------------------------------
     0 | D:1      | Gelion the Ogre Hunter began the quest for the Orb.
     0 | D:1      | Reached XP level 1. HP: 22/22 MP: 1/1
    34 | D:1      | Reached XP level 2. HP: 20/31 MP: 2/2
   274 | D:1      | Reached XP level 3. HP: 34/37 MP: 3/3
  1227 | D:2      | Found a shadowy altar of Dithmenos.
  1461 | D:2      | Noticed Robin
  1465 | D:2      | Killed Robin
  1466 | D:2      | Reached skill level 1 in Maces & Flails
  1466 | D:2      | Reached XP level 4. HP: 45/48 MP: 4/4
  1587 | D:2      | Reached skill level 5 in Throwing
  1738 | D:2      | Reached XP level 5. HP: 22/54 MP: 5/5
  2197 | D:2      | Noticed Sigmund
  2263 | D:2      | Reached XP level 6. HP: 46/75 MP: 6/6
  2264 | D:2      | Reached skill level 10 in Fighting
  2264 | D:2      | Reached skill level 10 in Maces & Flails
  2264 | D:2      | Reached XP level 7. HP: 54/87 MP: 7/7
  2357 | D:2      | Killed Sigmund
  3573 | D:3      | Found a transporter.
  3584 | D:3      | Found a transporter.
  3781 | D:3      | Found a sacrificial altar of Ru.
  3885 | D:3      | Found a faded altar of an unknown god.
  4261 | D:4      | Reached XP level 8. HP: 82/96 MP: 8/8
  4732 | D:4      | Got a creamy pearl robe
  4743 | D:4      | Identified the +1 robe of Vyq Haqe {rF+ Will++} (You found
                  | it on level 4 of the Dungeon)
  4978 | D:4      | Found a staircase to the Ecumenical Temple.
  4984 | Temple   | Entered the Ecumenical Temple
  5197 | D:4      | Noticed Blork the orc
  5205 | D:4      | Noticed Eustachio
  5226 | D:4      | HP: 2/96 [something (4)]
  5227 | D:4      | Killed from afar by Blork the orc

Illustrated notes

Levels and vault maps discovered:
D:1:      wheals_arrival_linesprint, layout_basic
D:2:      layout_loops_ring, lemuel_round_altar, uniq_robin, uniq_sigmund
D:3:      layout_rooms, gammafunk_temple_overflow_arena,
          chequers_ecumenical_altar_lobes
D:4:      cheibrodos_barr_body, layout_gridville,
          minmay_temple_entry_enclosed_plants, serial_shops, shop,
          uniq_blork_the_orc, uniq_duvessa, uniq_eustachio
Temple:   hc_temple_tempest_star

Skill      XL: |  1  2  3  4  5  6 |
---------------+-------------------+-----
Fighting       | 3 4 9 10 | 10.9
Maces & Flails | 1 8 10 | 10.3
Throwing       | 5 8 9 |  9.4
Dodging        | |  1.7
Stealth        | |  0.6

Action                   |  1- 3 |  4- 6 |  7- 9 || total
-------------------------+-------+-------+-------++-------
Melee: Short sword       |    76 |       |       ||    76
       Club              |    54 |   120 |   167 ||   341
       Whip              |       |       |    38 ||    38
       Flail             |       |       |    54 ||    54
Throw: Large rock        |     5 |       |     6 ||    11
       Throwing net      |       |       |     2 ||     2
  Use: Potion            |       |     2 |     5 ||     7
       Scroll            |       |       |     8 ||     8
 Stab: Sleeping          |       |       |     1 ||     1
Armor: Robe              |    66 |    35 |    54 ||   155
Dodge: Dodged            |   116 |    65 |   133 ||   314
